AoeStats
← christar123 ten

Arena

508666062Analyzed
2v2 RM · 9d ago on Sep 23, 2026· 58m 58s· 4 players
Game mode
Random Map
Map size
Medium (4 player)
Population
200
Speed
Normal
Resources
Standard
Victory
Conquest
Starting age
Dark Age
Ending age
Imperial Age
RankedLock teamsTeams togetherTeam positionsShared explorationLock speedFull tech treeHidden civsTurbo modeCheats
Victory
Defeat
🇲🇽 Khmer · Mexico
1410
+17
🇩🇪 Teutons · Germany
1400
+17
🇬🇧 Varangians · United Kingdom
1457
-18
🇬🇧 Bengalis · United Kingdom
1396
-16
Ash
9:40 Feudal Age
10:43 Horse Collar
10:53 Double-Bit Axe
21:50 Castle Age
21:12 Wheelbarrow
22:53 Scale Mail Armor
23:04 Forging
22:37 Pikeman
23:49 Squires
26:36 Chain Mail Armor
26:09 Loom
29:53 Town Watch
33:41 Hand Cart
34:33 Fletching
39:40 Imperial Age
39:58 Fortified Wall
39:56 Halberdier
41:56 Onager
45:21 Siege Engineers
christar123 ten
10:18 Feudal Age
10:45 Loom
14:33 Castle Age
12:37 Double-Bit Axe
13:11 Fletching
16:52 Bodkin Arrow
24:22 Horse Collar
33:26 Bow Saw
32:48 Pikeman
33:53 Heavy Plow
35:08 Wheelbarrow
38:38 Imperial Age
36:20 Scale Mail Armor
36:53 Forging
37:31 Scale Barding Armor
37:41 Chain Mail Armor
37:46 Squires
39:11 Iron Casting
39:00 Scale Barding Armor
39:06 Bloodlines
38:57 Husbandry
41:27 Chain Barding Armor
42:05 Hand Cart
41:20 Vendel Legacy
42:16 Gold Mining
43:13 Plate Barding Armor
43:39 Cavalier
45:41 Two-Man Saw
45:11 Crop Rotation
44:35 Stone Mining
49:49 Halberdier
51:06 Plate Mail Armor
52:18 Blast Furnace
50:46 Gothikon
50:52 Elite Varangian Guard
53:18 Bracer
53:34 Light Cavalry
56:08 Conscription
56:09 Ballistics
56:00 Masonry
56:09 Hussar
A.H.
8:40 Feudal Age
7:51 Loom
9:44 Double-Bit Axe
16:05 Fletching
25:58 Castle Age
23:51 Horse Collar
41:23 Heavy Plow
47:00 Imperial Age
46:09 Scale Mail Armor
46:19 Forging
48:50 Chemistry
48:29 Iron Casting
48:09 Chain Mail Armor
48:06 Man-at-Arms
48:07 Pikeman
48:40 Pikeman
50:23 Blast Furnace
50:45 Halberdier
53:43 Plate Mail Armor
botas.el.gato
10:57 Feudal Age
14:00 Castle Age
12:26 Double-Bit Axe
12:58 Horse Collar
16:14 Bow Saw
21:56 Scale Barding Armor
22:30 Heavy Plow
23:28 Bloodlines
25:00 Wheelbarrow
28:31 Imperial Age
28:41 Imperial Age
26:42 Hand Cart
26:36 Gold Mining
26:38 Loom
26:39 Town Watch
28:27 Fletching
29:18 Ballistics
29:47 Conscription
30:54 Husbandry
30:15 Light Cavalry
31:54 Double Crossbow
32:28 Chain Barding Armor
32:21 Forging
34:23 Siege Engineers
36:52 Chemistry
37:42 Crop Rotation
39:38 Plate Barding Armor
38:59 Bodkin Arrow
39:47 Iron Casting
39:53 Iron Casting
38:53 Elite Ballista Elephant
41:02 Bracer
42:17 Coinage
41:41 Heavy Scorpion
43:52 Blast Furnace
43:44 Banking
44:12 Capped Ram
47:41 Hussar
52:05 Gold Shaft Mining
52:17 Hoardings
55:21 Pikeman
56:29 Scale Mail Armor
56:44 Tusk Swords
57:27 Elite Battle Elephant
57:59 Halberdier
Connection lost

Rejoining the realm…

Still unreachable

The connection could not be restored.

Session expired

The server has moved on; the page needs a fresh start.